 Dungeon Crawl Stone Soup version 0.24.0-123-gd5b16e6ec5 (webtiles) character file.

Game seed: 5989001342907935892, levelgen mode: deterministic

619 FishyPogo the Charmwright (level 7, -4/56 HPs)
             Began as a Gnoll Skald on Jan 11, 2020.
             Slain by a centaur (7 damage)
             ... on level 6 of the Dungeon.
             The game lasted 00:13:06 (2412 turns).

FishyPogo the Charmwright (Gnoll Skald)             Turns: 2412, Time: 00:13:08

Health: -4/56      AC:  7    Str: 16    XL:     7   Next: 46%
Magic:  13/15      EV: 14    Int: 15    God:
Gold:   87         SH:  0    Dex: 12    Spells: 6/17 levels left

rFire    . . .     SeeInvis +   w - +1 falchion "Zankadu" {freeze, rN+++ Dex-3 SInv Stlth+}
rCold    . . .     Gourm    .   (no shield)
rNeg     + + +     Faith    .   n - +0 leather armour
rPois    +         Spirit   .   i - +0 helmet
rElec    .         Reflect  .   (no cloak)
rCorr    .         Harm     .   (no gloves)
MR       .....     Rnd*Rage +   (no boots)
Stlth    +++.......             (no amulet)
HPRegen  0.18/turn              o - -4 ring of strength (curse)
MPRegen  0.14/turn              k - ring of poison resistance

@: mighty, shrouded
A: distributed training, fangs 1, slimy green scales 1, berserk 1, blurry vision
1, shaggy fur 1, strong nose
a: no special abilities


You were on level 6 of the Dungeon.
You were not hungry.

You visited 1 branch of the dungeon, and saw 6 of its levels.

You collected 231 gold pieces.
You spent 144 gold pieces at shops.

Inventory:

Hand Weapons
 a - a +2 whip of holy wrath
 b - a +2 vampiric dagger
 w - the +1 falchion "Zankadu" (weapon) {freeze, rN+++ Dex-3 SInv Stlth+}
   (You bought it in a shop on level 5 of the Dungeon)

   It has been specially enchanted to freeze those struck by it, causing extra
   injury to most foes and up to half again as much damage against particularly
   susceptible opponents.
   It can also slow down cold-blooded creatures.
   It affects your dexterity (-3).
   It renders you almost immune to negative energy.
   It lets you see invisible.
   It makes you more stealthy.
Missiles
 f - 21 poisoned darts
 h - 78 stones (quivered)
Armour
 i - a +0 helmet (worn)
 n - a +0 leather armour (worn)
Jewellery
 e - an uncursed ring of flight
 k - a ring of poison resistance (right hand)
 o - a cursed -4 ring of strength (left hand)
 s - an uncursed ring of protection from cold
Wands
 g - a wand of acid (10)
 m - a wand of random effects (26)
 t - a wand of iceblast (7)
Scrolls
 c - 2 scrolls of identify
Potions
 p - a potion of cancellation
Comestibles
 d - 7 rations
 x - a chunk of flesh


   Skills:
 + Level 5.2 Fighting
 + Level 5.2 Short Blades
 + Level 2.4 Long Blades
 + Level 2.4 Axes
 + Level 2.4 Maces & Flails
 + Level 2.4 Polearms
 + Level 2.4 Staves
 + Level 2.4 Slings
 + Level 2.4 Bows
 + Level 2.4 Crossbows
 + Level 2.4 Throwing
 + Level 3.6 Armour
 + Level 5.2 Dodging
 + Level 2.4 Stealth
 + Level 2.4 Shields
 + Level 2.4 Unarmed Combat
 + Level 5.6 Spellcasting
 + Level 2.0 Conjurations
 + Level 2.0 Hexes
 + Level 5.8 Charms
 + Level 2.0 Summonings
 + Level 2.0 Necromancy
 + Level 2.0 Translocations
 + Level 2.0 Transmutations
 + Level 2.0 Fire Magic
 + Level 2.0 Ice Magic
 + Level 2.0 Air Magic
 + Level 2.0 Earth Magic
 + Level 2.0 Poison Magic
 + Level 2.7 Invocations
 + Level 2.4 Evocations


You had 6 spell levels left.
You knew the following spells:

 Your Spells              Type           Power        Failure   Level  Hunger
h - Regeneration          Chrm/Necr      ###.......   11%         3    ###....
n - Spectral Weapon       Hex/Chrm       ###.....     11%         3    ###....
p - Shroud of Golubria    Chrm/Tloc      ###...       5%          2    #......
u - Song of Slaying       Chrm           ###.....     2%          2    #......
y - Infusion              Chrm           ###.         1%          1    None

Your spell library contained the following spells:

 Spells                   Type           Power        Failure   Level  Hunger


Dungeon Overview and Level Annotations

Branches:
Dungeon (6/15)
 Temple: D:4-7

Altars:
Qazlal

Shops:
D:5 (

Annotations:
D:5 Menkaure


Innate Abilities, Weirdness & Mutations

Your experience applies equally to all skills.
You have very sharp teeth.
Your uncanny sense of smell can sniff out nearby items.
You are partially covered in slimy green scales. (AC +2)
You tend to lose your temper in combat.
Scrolls take you a little longer to read.
You are covered in fur. (AC +1)


Message History

The adder hisses angrily.
The adder bites you but does no damage. The adder barely misses you.
You slash the adder!
The adder seems to slow down.
You freeze the adder.
You kill the adder!
You slash the phantom!
The phantom is moderately damaged.
The phantom misses you. The ogre hits you with a +0 giant club!
* * * LOW HITPOINT WARNING * * *
It was a potion of magic.
Magic courses through your body.
The phantom blinks!
The centaur unwields a +0 shortbow.
The centaur barely misses you. The centaur hits you.
* * * LOW HITPOINT WARNING * * *
You see here an adder corpse.
Casting: Spectral Weapon (safe; 11% risk of failure)
Confirm with . or Enter, or press ? or * to list all spells.
Space distorts slightly along a thin shroud covering your body.
The ogre misses you.
You riposte.
You hit the ogre. You freeze the ogre.
The ogre is lightly wounded.
The centaur hits you!
You die...

.#####.####.#.#####.#####.###
##.#####.# #.##.......
#.S.Sc##.# #..........
##.##.##.#### ####.##.###
#.##.#.O...######.##.#
#$##.#.###O.......##.#
#.....W# #.#########.#
#.####.###.# #.# #.# #c@O..#
.# #.# ####### #.#


You could see a phantom, an ogre and a centaur.

Vanquished Creatures
  A phantom (D:4)
  A centaur (D:5)
  A hound (D:4)
  2 bullfrog skeletons (D:4)
  A centaur skeleton (D:5)
  Natasha (twice) (D:2)
  Ijyb (D:4)
  5 worker ants
  A worker ant zombie (D:6)
  Robin (D:4)
  A howler monkey skeleton (D:4)
  7 adders
  An ooze (D:4)
  A worm (D:3)
  2 leopard geckos
  3 bats (D:1)
  2 giant cockroaches
  11 goblins
  6 hobgoblins
  5 jackals
  A quokka (D:4)
  A frilled lizard (D:2)
  4 kobolds
  4 rats (D:2)
65 creatures vanquished.

Vanquished Creatures (others)
  A spectral weapon (D:6)
1 creature vanquished.

Grand Total: 66 creatures vanquished

Notes
Turn   | Place    | Note
-------+----------+-------------------------------------------
     0 | D:1      | FishyPogo the Gnoll Skald began the quest for the Orb.
     0 | D:1      | Reached XP level 1. HP: 20/20 MP: 6/6
    53 | D:1      | Reached XP level 2. HP: 23/26 MP: 0/7
   126 | D:1      | Learned a level 2 spell: Song of Slaying
   129 | D:1      | Learned a level 2 spell: Shroud of Golubria
   215 | D:2      | Found a stormy altar of Qazlal.
   276 | D:2      | Noticed Natasha
   287 | D:2      | Killed Natasha
   287 | D:2      | Reached skill level 5 in Spellcasting
   287 | D:2      | Reached skill level 1 in Invocations
   287 | D:2      | Reached XP level 3. HP: 7/31 MP: 3/9
   292 | D:2      | Learned a level 3 spell: Regeneration
   327 | D:2      | Noticed Natasha
   347 | D:2      | Killed Natasha
   347 | D:2      | Reached skill level 1 in Long Blades
   347 | D:2      | Reached skill level 1 in Axes
   347 | D:2      | Reached skill level 1 in Maces & Flails
   347 | D:2      | Reached skill level 1 in Polearms
   347 | D:2      | Reached skill level 1 in Staves
   347 | D:2      | Reached skill level 1 in Slings
   347 | D:2      | Reached skill level 1 in Bows
   347 | D:2      | Reached skill level 1 in Crossbows
   347 | D:2      | Reached skill level 1 in Throwing
   347 | D:2      | Reached skill level 1 in Stealth
   347 | D:2      | Reached skill level 1 in Shields
   347 | D:2      | Reached skill level 1 in Unarmed Combat
   347 | D:2      | Reached skill level 1 in Evocations
   347 | D:2      | Reached XP level 4. HP: 14/38 MP: 1/11
   503 | D:2      | Reached skill level 1 in Conjurations
   503 | D:2      | Reached skill level 1 in Hexes
   503 | D:2      | Reached skill level 1 in Summonings
   503 | D:2      | Reached skill level 1 in Necromancy
   503 | D:2      | Reached skill level 1 in Translocations
   503 | D:2      | Reached skill level 1 in Transmutations
   503 | D:2      | Reached skill level 1 in Fire Magic
   503 | D:2      | Reached skill level 1 in Ice Magic
   503 | D:2      | Reached skill level 1 in Air Magic
   503 | D:2      | Reached skill level 1 in Earth Magic
   503 | D:2      | Reached skill level 1 in Poison Magic
   637 | D:3      | Learned a level 3 spell: Spectral Weapon
   695 | D:3      | Reached XP level 5. HP: 43/43 MP: 5/12
   829 | D:4      | Noticed Robin
  1018 | D:4      | Killed Robin
  1141 | D:4      | Noticed a phantom
  1162 | D:4      | Killed a phantom
  1162 | D:4      | Reached XP level 6. HP: 50/50 MP: 3/13
  1202 | D:4      | Reached skill level 5 in Fighting
  1202 | D:4      | Reached skill level 5 in Short Blades
  1202 | D:4      | Reached skill level 5 in Dodging
  1455 | D:5      | Entered Level 5 of the Dungeon
  1555 | D:4      | Noticed Ijyb
  1578 | D:4      | Killed Ijyb
  1981 | D:4      | Reached XP level 7. HP: 37/56 MP: 15/15
  2146 | D:5      | Found Tihip's Antique Weapon Shoppe.
  2154 | D:5      | Bought an ancient falchion for 144 gold pieces
  2154 | D:5      | Identified the +1 falchion "Zankadu" {freeze, rN+++ Dex-3
                  | SInv Stlth+} (You bought it in a shop on level 5 of the
                  | Dungeon)
  2247 | D:5      | Noticed Menkaure
  2383 | D:6      | Gained mutation: Scrolls take you a little longer to read.
                  | [potion of mutation]
  2383 | D:6      | Gained mutation: You tend to lose your temper in combat.
                  | [potion of mutation]
  2383 | D:6      | Gained mutation: You are covered in fur. (AC +1) [potion of
                  | mutation]
  2383 | D:6      | Gained mutation: You are partially covered in slimy green
                  | scales. (AC +2) [potion of mutation]
  2412 | D:6      | Slain by a centaur

Levels and vault maps discovered:
D:1:      shiori_shiawase, layout_rooms
D:2:      layout_basic, nicolae_qazlal_eye_of_the_storm, first_ration,
          uniq_natasha
D:3:      kennysheep_six_static_rooms, layout_loops_ring, fedhas_altar_4,
          chequers_serial_rivers_large_a, grunt_decor_arrowhead
D:4:      layout_basic, serial_rivers, chequers_serial_rivers_micro_a,
          chequers_serial_rivers_small_3, chequers_serial_rivers_micro_a,
          chequers_serial_rivers_small_3, chequers_serial_rivers_micro_c,
          chequers_serial_rivers_micro_e, chequers_garden, due_unseen_surprise,
          uniq_ijyb, uniq_robin
D:5:      layout_cave_pools, serial_shops, shop, uniq_menkaure
D:6:      layout_loops_ring, uniq_pikel

Skill      XL: |  1  2  3  4  5  6  7 |
---------------+----------------------+-----
Spellcasting   | 5 |  5.6
Invocations    | 1 2 |  2.7
Long Blades    | 1 2 |  2.4
Axes           | 1 2 |  2.4
Maces & Flails | 1 2 |  2.4
Polearms       | 1 2 |  2.4
Staves         | 1 2 |  2.4
Slings         | 1 2 |  2.4
Bows           | 1 2 |  2.4
Crossbows      | 1 2 |  2.4
Throwing       | 1 2 |  2.4
Stealth        | 1 2 |  2.4
Shields        | 1 2 |  2.4
Unarmed Combat | 1 2 |  2.4
Evocations     | 1 2 |  2.4
Conjurations   | 1 2 |  2.0
Hexes          | 1 2 |  2.0
Summonings     | 1 2 |  2.0
Necromancy     | 1 2 |  2.0
Translocations | 1 2 |  2.0
Transmutations | 1 2 |  2.0
Fire Magic     | 1 2 |  2.0
Ice Magic      | 1 2 |  2.0
Air Magic      | 1 2 |  2.0
Earth Magic    | 1 2 |  2.0
Poison Magic   | 1 2 |  2.0
Armour         | 3 |  3.6
Fighting       | 5 |  5.2
Short Blades   | 5 |  5.2
Dodging        | 5 |  5.2
Charms         | |  5.8

Action                   |  1- 3 |  4- 6 |  7- 9 || total
-------------------------+-------+-------+-------++-------
Melee: Short sword       |    64 |    50 |       ||   114
       Bite              |     9 |    30 |     2 ||    41
       Whip              |       |   140 |    28 ||   168
       Punch             |       |     6 |       ||     6
       Dagger            |       |    20 |       ||    20
       Falchion          |       |       |    24 ||    24
Throw: Stone             |       |     4 |     4 ||     8
 Cast: Infusion          |     3 |     3 |       ||     6
       Regeneration      |     2 |     7 |     3 ||    12
       Shroud of Golubri |     1 |    11 |     6 ||    18
       Spectral Weapon   |       |     6 |     1 ||     7
  Use: Potion            |     2 |       |     6 ||     8
       Scroll            |       |     3 |     3 ||     6
 Stab: Sleeping          |     1 |     1 |       ||     2
  Eat: Chunk             |       |     5 |     3 ||     8
Armor: Leather armour    |    23 |    36 |     7 ||    66
Dodge: Dodged            |    48 |   136 |    55 ||   239
       Rpst.: Falchion   |       |       |     6 ||     6
